AoeStats
← HuNTeR <3<3<3 Chipdi

Arena

510330521Analyzed
1v1 RM · 4h ago on Sep 30, 2026· 43m 20s· 2 players
Game mode
Random Map
Map size
Tiny (2 player)
Population
200
Speed
Normal
Resources
Standard
Victory
Conquest
Starting age
Dark Age
Ending age
Imperial Age
RankedLock teamsTeams togetherTeam positionsShared explorationLock speedFull tech treeHidden civsTurbo modeCheats
Victory
Defeat
1080
+15
🇫🇷 Bengalis · France
1067
-15
taktak89
10:37 Feudal Age
11:07 Double-Bit Axe
15:47 Castle Age
15:12 Padded Archer Armor
17:17 Scale Barding Armor
17:18 Loom
20:17 Town Watch
23:04 Wheelbarrow
22:17 Horse Collar
22:59 Husbandry
23:08 Gold Mining
23:45 Sanctity
24:20 Light Cavalry
25:16 Redemption
25:19 Fletching
26:48 Hand Cart
26:35 Heavy Plow
26:47 Bow Saw
28:07 Fortified Wall
28:27 Bodkin Arrow
28:51 Town Patrol
32:32 Imperial Age
31:16 Padded Archer Armor
32:36 Bloodlines
40:06 Onager
HuNTeR <3<3<3 Chipdi
0:27 Loom
11:45 Feudal Age
16:56 Castle Age
15:17 Double-Bit Axe
15:18 Horse Collar
19:20 Bow Saw
20:25 Wheelbarrow
26:16 Imperial Age
25:49 Elite Skirmisher
26:35 Thumb Ring
27:10 Hand Cart
26:48 Gold Mining
26:48 Stone Mining
28:11 Heavy Plow
29:42 Forging
29:32 Scale Mail Armor
31:36 Conscription
31:04 Arson
31:20 Squires
30:42 Pikeman
31:25 Padded Archer Armor
31:31 Scale Barding Armor
33:09 Gold Shaft Mining
33:10 Stone Shaft Mining
32:28 Fletching
34:17 Halberdier
36:28 Iron Casting
35:48 Bodkin Arrow
36:09 Leather Archer Armor
36:57 Chemistry
36:18 Ballistics
35:39 Treadmill Crane
35:56 Murder Holes
38:13 Crop Rotation
40:14 Two-Man Saw
41:46 Logistica
40:57 Elite Cataphract
44:14 Chain Barding Armor
44:10 Chain Mail Armor
Connection lost

Rejoining the realm…

Still unreachable

The connection could not be restored.

Session expired

The server has moved on; the page needs a fresh start.